 Dungeon Crawl Stone Soup version 0.16-a0-3667-g690a316 (webtiles) character file.

179 Sereth the Skirmisher (level 5, 0/42 HPs)
             Began as a Bearkin Berserker on June 7, 2015.
             Was a Priest of Trog.
             Slain by an orc priest
             ... wielding a +0 flail
              (6 damage)
             ... on level 3 of the Dungeon.
             The game lasted 00:05:41 (1954 turns).

Sereth the Skirmisher (Bearkin Berserker)           Turns: 1954, Time: 00:05:41

Health: 0/42       AC:  3    Str: 23    XL:     5   Next: 32%
Magic:  5/5        EV: 12    Int:  9    God:    Trog [***...]
Gold:   113        SH:  0    Dex: 10    Spells: 0 memorised, 4 levels left

rFire  . . .     SeeInvis .       - Unarmed
rCold  . . .     Clarity  .     b - +0 animal skin
rNeg   . . .     SustAb   .     (no shield)
rPois  .         Gourm    .     (no helmet)
rElec  .         Spirit   .     (no cloak)
rCorr  .         Warding  .     (no gloves)
rMut   .         Stasis   .     (no boots)
MR     +....                    (no amulet)
Stlth  +.........               a - ring of protection from magic
                                m - +3 ring of intelligence (curse)

@: exhausted, slowed, very slow, somewhat resistant to hostile enchantments,
very unstealthy
A: claws 1, shaggy fur 1, hind claws 2, cornered berserk
a: Cornered Berserk, Burn Spellbooks, Berserk, Trog's Hand, Renounce Religion


You were on level 3 of the Dungeon.
You worshipped Trog.
Trog was most pleased with you.
You were not hungry.

You visited 1 branch of the dungeon, and saw 3 of its levels.

You collected 113 gold pieces.

Inventory:

Armour
 b - a +0 animal skin (worn)
Jewellery
 a - a ring of protection from magic (right claw)
 e - an uncursed ring of ice
 m - a cursed +3 ring of intelligence (left claw)
Scrolls
 c - 3 scrolls of recharging {unknown}
 d - 3 scrolls of identify {unknown}
 j - a scroll of teleportation {unknown}
 l - a scroll of amnesia {unknown}
 n - a scroll of fear {unknown}
 o - 2 scrolls of remove curse {unknown}
Potions
 f - a potion of brilliance {unknown}
 i - a potion of curing
 k - 2 potions of heal wounds {unknown}
Comestibles
 g - 6 fruits
 h - a royal jelly
 p - a bread ration


   Skills:
 + Level 4.2 Fighting
 + Level 1.3 Armour
 + Level 2.8 Dodging
 + Level 4.2 Unarmed Combat


You had 4 spell levels left.
You didn't know any spells.

Dungeon Overview and Level Annotations

Branches:
Dungeon (3/15)

Altars:


Innate Abilities, Weirdness & Mutations

You have sharp fingernails.
You are covered in fur (AC +1).
Your hind legs have sharp claws.
You can berserk when greatly wounded.


Message History

You feel better.
The orc priest is no longer bleeding.
The orc priest mumbles some strange prayers to Beogh against you.
You resist with some effort. The orc priest hits you with a flail!
* * * LOW HITPOINT WARNING * * *
Things that are here:
a falchion; 2 tomahawks You claw the orc priest!
The orc priest begins to bleed from its wounds!
You claw the orc priest, but do no damage.
The orc priest is almost dead.
The orc priest mumbles some strange prayers to Beogh against you.
You resist with some effort.
You claw the orc priest!
You kill the orc priest!
Trog accepts your kill. The orc priest barely misses you.
You barely miss the orc priest.
You claw the orc priest, but do no damage.
The orc priest hits you with a flail.
You die...

..# # #.# #. #.#
#.##.# #..#.. ##
#...##..#
#......# ##.o##
###..)@##
#.....).######..
#<.....(.......#
#....##.(#######
###.# ##(..## #.
###).# ..
##.##### .#
#.....# #####.#


You could see an orc priest.

Vanquished Creatures
  2 orc priests (D:3)
  5 adders (D:2)
  2 worms (D:2)
  A giant gecko (D:1)
  2 orcs (D:3)
  3 giant cockroaches (D:1)
  9 goblins
  6 hobgoblins
  A quokka (D:2)
  7 bats
  3 giant newts
  11 jackals
  5 kobolds
  6 rats
63 creatures vanquished.

Notes
Turn   | Place    | Note
--------------------------------------------------------------
     0 | D:1      | Sereth, the Bearkin Berserker, began the quest for the Orb.
     0 | D:1      | Reached XP level 1. HP: 18/18 MP: 1/1
   120 | D:1      | Reached XP level 2. HP: 20/24 MP: 2/2
   326 | D:1      | Acquired Trog's second power
   410 | D:1      | Reached XP level 3. HP: 8/29 MP: 3/3
  1136 | D:2      | Gained mutation: Your hind legs have sharp claws. [bearkin transformation]
  1136 | D:2      | Reached XP level 4. HP: 28/37 MP: 4/4
  1286 | D:2      | Reached skill level 4 in Fighting
  1939 | D:3      | Reached XP level 5. HP: 12/42 MP: 5/5
  1954 | D:3      | Slain by an orc priest

Action                   |  1- 3 |  4- 6 || total
-------------------------+-------+-------++-------
Melee: Unarmed           |   128 |    80 ||   208
 Abil: Cornered Berserk  |       |     2 ||     2
  Use: Potion            |     1 |     2 ||     3
  Eat: Bread ration      |       |     1 ||     1
       Chunk             |       |     1 ||     1
